 Dungeon Crawl Stone Soup version 0.29.1-13-g9f3cf754e1 (webtiles) character file.

Game seed: 10320661789901070672

92 Ayven the Ruffian (level 4, 0/35 HPs)
             Began as a Draconian Transmuter on Feb 9, 2023.
             Was a Follower of Ru.
             Succumbed to an adder's poison
             ... on level 4 of the Dungeon.
             The game lasted 00:16:38 (2410 turns).

Ayven the Ruffian (Draconian Transmuter)            Turns: 2410, Time: 00:16:38

Health: 0/35       AC:  5    Str: 14    XL:     4   Next: 35%
Magic:  8/8        EV: 12    Int: 14    God:    Ru [*.....]
Gold:   111        SH:  0    Dex: 11    Spells: 8/9 levels left

rFire   . . .      SeeInvis .     - Unarmed
rCold   . . .      Faith    .   (no shield)
rNeg    . . .      Spirit   .   (body armour unavailable)
rPois   .          Reflect  .   (helmet restricted)
rElec   .          Harm     .   (no cloak)
rCorr   .          Rampage  .   (no gloves)
Will    .....                   (no boots)
Stlth   +.........              (no amulet)
HPRegen 0.11/turn               (no ring)
MPRegen 0.11/turn               (no ring)

@: lethally poisoned (0 -> -2)
A: AC +5, unfitting armour, cold-blooded, inability to drink after injury 2
a: Renounce Religion


You were on level 4 of the Dungeon.
You worshipped Ru.
Ru was aware of your devotion.
You visited 1 branch of the dungeon, and saw 4 of its levels.

You collected 111 gold pieces.

Inventory:

Jewellery
 e - a +6 ring of intelligence
 m - a +4 ring of evasion
 n - a ring of protection from cold
Wands
 q - a wand of roots (9)
Scrolls
 b - 2 scrolls of enchant weapon {unknown}
 c - 3 scrolls of teleportation {unknown}
 d - 2 scrolls of blinking {unknown}
 f - a scroll of acquirement {unknown}
 h - a scroll of identify {unknown}
 j - a scroll of enchant armour {unknown}
 p - a scroll of poison {unknown}
 r - a scroll of vulnerability {unknown}
Potions
 a - a potion of lignification
 g - 2 potions of flight {unknown}
 i - a potion of haste {unknown}
 k - a potion of cancellation {unknown}
 l - a potion of degeneration {unknown}
 o - 2 potions of invisibility {unknown}


   Skills:
 - Level 1.1 Fighting
 - Level 1.9 Dodging
 + Level 3.7 Unarmed Combat
 * Level 3.2 Spellcasting
 + Level 2.7 Transmutations


You had 8 spell levels left.
You knew the following spells:

 Your Spells              Type           Power      Damage    Failure   Level
a - Beastly Appendage     Tmut           20%        N/A       7%          1

Your spell library contained the following spells:

 Spells                   Type           Power      Damage    Failure   Level
 Wereblood                Tmut           10%        N/A       11%         2
 Spider Form              Tmut/Pois      6%         N/A       34%         3
 Call Canine Familiar     Summ           2%         N/A       54%         3
 Portal Projectile        Hex/Tloc       4%         N/A       54%         3
 Ice Form                 Ice/Tmut       6%         N/A       75%         4
 Leda's Liquefaction      Hex/Erth       1%         N/A       91%         4


Dungeon Overview and Level Annotations

Branches:
Dungeon (4/15)
 Temple: D:4-7

Altars:
Ashenzari
Ru


Innate Abilities, Weirdness & Mutations

Your plain brown scales are hard. (AC +5)
You cannot fit into any form of body armour.
You are cold-blooded and may be slowed by cold attacks.
You sometimes lose the ability to drink potions when taking damage.


Message History

You closely miss the orc priest. Your kick misses the orc priest.
You headbutt the orc priest.
The orc priest is almost dead.
Your transformation is almost over.
The orc priest hits you with a +0 mace.
* * * LOW HITPOINT WARNING * * *
You hit the orc priest.
You kill the orc priest!
You have reached level 4!
You feel clever.
Unknown command.
Things that are here:
a +0 mace; a +0 leather armour; an orc corpse An orc comes into view.
It is wielding a +0 short sword.
An orc comes into view. It is wielding a +0 whip.
Things that are here:
a +0 mace; a +0 leather armour; an orc corpse An adder comes into view.
The adder hisses angrily.
The orc shouts!
You hear a shout!
Your horns disappear.
Your talons disappear.
The adder bites you but does no damage.
You can drink potions again.
The adder bites you but does no damage. The adder barely misses you.
The adder attacks as you move away! The adder closely misses you.
The adder attacks as you move away! The adder bites you.
You feel threatened and lose the ability to drink potions!
* * * LOW HITPOINT WARNING * * *
You are lethally poisoned!
The adder poisons you!
* * * LOW HITPOINT WARNING * * *
You feel sick. The adder attacks as you move away!
The adder bites you but does no damage.
* * * LOW HITPOINT WARNING * * *
You feel sick. The adder attacks as you move away!
The adder closely misses you.
You can drink potions again.
* * * LOW HITPOINT WARNING * * *
You feel sick. The adder bites you but does no damage.
You die...

### #.. #.# .. #.#
...#############.##
................@.#
........########..#
.#.####.##
#####S.#######
#.####..###.............
#........)...##..######
##.≈≈≈≈≈≈≈≈≈.##..#####
#.≈.......≈.##......#
#.≈§§≈§≈≈.≈.##.######
...≈§≈...≈.≈..#.#


You could see an adder.

Vanquished Creatures
  An orc priest (D:4)
  2 adders (D:2)
  A worm (D:2)
  2 orcs
  4 endoplasms
  4 giant cockroaches
  2 goblins (D:1)
  2 hobgoblins (D:1)
  2 quokkas
  6 ball pythons
  A bat (D:2)
  2 frilled lizards
  4 kobolds
  8 rats
41 creatures vanquished.

Notes
Turn   | Place    | Note
-------+----------+-------------------------------------------
     0 | D:1      | Ayven the Draconian Transmuter began the quest for the Orb.
     0 | D:1      | Reached XP level 1. HP: 16/16 MP: 3/3
   354 | D:1      | Reached XP level 2. HP: 22/23 MP: 3/5
   849 | D:1      | Found a faded altar of an unknown god.
   860 | D:1      | Prayed at the altar of an unknown god.
   860 | D:1      | Became a worshipper of Ru the Awakened
   990 | D:1      | Gained mutation: You occasionally lose the ability to drink
                  | potions when taking damage. [Ru sacrifice]
   990 | D:1      | Gained mutation: You sometimes lose the ability to drink
                  | potions when taking damage. [Ru sacrifice]
   990 | D:1      | Reached * piety under Ru
  1391 | D:2      | Reached XP level 3. HP: 7/28 MP: 7/7
  2330 | D:3      | You fall into a shaft and drop 1 floor!
  2335 | D:4      | Found a broken altar of Ashenzari.
  2393 | D:4      | Reached XP level 4. HP: 6/35 MP: 8/8
  2409 | D:4      | HP: 1/35 [poisoned by an adder]
  2410 | D:4      | Succumbed to an adder's poison

Illustrated notes

Levels and vault maps discovered:
D:1:      minmay_arrival_diagonal_passages, layout_basic,
          hellmonk_ecumenical_altar_heavens_door, serial_curves, eino_curves_01,
          eino_curves_01, eino_curves_03, columned_hall_lemuel,
          minmay_misc_feat_encased, minmay_pentomino_u4
D:2:      layout_rooms, minmay_bisected
D:3:      layout_loops_corners, uniq_terence
D:4:      layout_loops_ring, gammafunk_temple_overflow_pools,
          mainiacjoe_overflow_concentric_impassable,
          nicolae_qazlal_style_of_elements, old_standard_altar,
          biasface_ghost_orc_armoury

Skill      XL: |  1  2  3 |
---------------+----------+-----
Spellcasting   | 3 |  3.2
Fighting       | |  1.1
Dodging        | |  1.9
Unarmed Combat | |  3.7
Transmutations | |  2.7

Action                   |  1- 3 |  4- 6 || total
-------------------------+-------+-------++-------
Melee: Unarmed           |   103 |       ||   103
       Kick              |    21 |       ||    21
       Tailslap          |    12 |       ||    12
       Headbutt          |    12 |       ||    12
       Punch             |     2 |       ||     2
 Cast: Beastly Appendage |    29 |       ||    29
Invok: Sacrifice Drink   |     1 |       ||     1
Armor: Skin              |    38 |     4 ||    42
Dodge: Dodged            |    68 |     3 ||    71
